 Dungeon Crawl Stone Soup version 0.27.1-2-g3b301248ec (console) character file.

Game seed: 8195091821521056428

72 Banquo the Sneak (level 4, 0/35 HPs)
             Began as a Djinni Delver on Sept 24, 2021.
             Slain by Duvessa (15 damage)
             ... on level 5 of the Dungeon.
             The game lasted 00:04:24 (725 turns).

Banquo the Sneak (Djinni Delver)                     Turns: 725, Time: 00:04:25

Health: 0/35       AC:  3    Str: 11    XL:     4   Next: 48%
Gold:   46         EV: 12    Int: 12    God:
                   SH:  0    Dex: 15

rFire    + + .     SeeInvis .   a - +0 falchion
rCold    x . .     Faith    .   (no shield)
rNeg     . . .     Spirit   .   b - +0 leather armour
rPois    ∞         Reflect  .   (no helmet)
rElec    .         Harm     .   (no cloak)
rCorr    .         Rampage  .   (no gloves)
Will     .....                  (boots unavailable)
Stlth    ++........             (no amulet)
HPRegen  0.11/turn              (no ring)
MPRegen  0.00/turn              (no ring)

@: flying, hasted, very quick
A: sickness immunity, fire resistance 2, cold vulnerability 1, float, innate
caster, hp casting, extra vitality 1
a: no special abilities


You were on level 5 of the Dungeon.
You visited 1 branch of the dungeon, and saw 2 of its levels.

You collected 46 gold pieces.

Inventory:

Hand Weapons
 a - a +0 falchion (weapon)
Missiles
 h - 20 stones (quivered)
Armour
 b - a +0 leather armour (worn)
Wands
 g - a wand of digging (3)
Scrolls
 c - a scroll of fog
 d - a scroll of magic mapping
 e - a scroll of fear


   Skills:
 - Level 3.5 Fighting
 - Level 3.5 Long Blades
 - Level 2.1 Dodging
 - Level 4.1 Stealth


You had 2 spell levels left.
You knew the following spells:

 Your Spells              Type           Power      Damage    Failure   Level
a - Freeze                Ice            0%         1d3       41%         1
Your spell library was empty.

Dungeon Overview and Level Annotations

Branches:
Dungeon (5/15)
 Temple: D:4-7

Altars:
Okawaru

Annotations:
D:5 Duvessa


Innate Abilities, Weirdness & Mutations

You are immune to sickness and miasma.
You are immune to poison.
Your flesh is very heat resistant. (rF++)
You are vulnerable to cold. (rC-)
You float through the air rather than walking.
You learn spells naturally, not from books.
Your magical power is your life essence.
You have superior vitality. (+4 HP)


Message History

The orc hits you with a +0 short sword. The orc closely misses you.
You hit the orc but do no damage.
The orc is almost dead.
The orc closely misses you.
You hit the orc but do no damage.
The orc is almost dead.
The orc hits you with a +0 short sword.
You hit the orc but do no damage.
The orc is almost dead.
The orc barely misses you.
You hit the orc but do no damage.
The orc is almost dead.
The orc misses you.
You riposte.
You hit the orc.
You kill the orc!
Things that are here:
a +0 short sword; a +0 ring mail; an orc corpse Unknown command.
The hiss of flowing sand is almost imperceptible now.
The walls and floor vibrate strangely for a moment.
Found a stone staircase leading down.
Duvessa, Sister of Dowan comes into view.
She is wielding a +0 short sword.
Found a green potion.
Duvessa goes berserk!
Found a book of Geomancy.
There is a stone staircase leading down here.
You can't see any enemies this would affect, really read the scroll of fear?
Okay, then.
You feel yourself speed up. Duvessa closely misses you.
Duvessa hits you with a +0 short sword!
Duvessa rages.
Duvessa hits you with a +0 short sword!
You hit Duvessa but do no damage. Duvessa hits you but does no damage.
You closely miss Duvessa. Duvessa barely misses you.
You hit Duvessa.
Duvessa is lightly wounded.
Duvessa closely misses you.
You aren't carrying any potions.
You hit Duvessa.
Duvessa is lightly wounded.
Duvessa hits you with a +0 short sword!
You die...

# # .#
#####################.#
.....e..........@e>.:.#
######......######.####
# ..... #.# # ....
#.############# # ###
#.............# #
#.###########.# #
.........!........#.# #
#.......#########.#.##
# #.......# ..........


You could see Duvessa (berserk).

Vanquished Creatures
  Dowan (D:5)
  2 adders (D:5)
  A worm (D:5)
  An orc (D:5)
5 creatures vanquished.

Notes
Turn   | Place    | Note
-------+----------+-------------------------------------------
     0 | D:5      | Banquo the Djinni Delver began the quest for the Orb.
     0 | D:5      | Reached XP level 1. HP: 20/20 MP: 0/0
    61 | D:5      | Reached XP level 2. HP: 18/25 MP: 0/0
    65 | D:5      | Reached XP level 3. HP: 19/30 MP: 0/0
    65 | D:5      | Learned a level 1 spell: Freeze
   201 | D:5      | Noticed Dowan
   235 | D:5      | HP: 1/30 [Dowan (2)]
   237 | D:5      | Killed Dowan
   238 | D:5      | Reached XP level 4. HP: 1/35 MP: 0/0
   545 | D:4      | Found an iron altar of Okawaru.
   556 | D:4      | Noticed a scorpion
   558 | D:4      | Noticed a scorpion
   713 | D:5      | Noticed Duvessa
   725 | D:5      | Slain by Duvessa

Illustrated notes

Levels and vault maps discovered:
D:4:      layout_layer_cave, nicolae_overflow_hidden_temple
D:5:      layout_basic, minmay_temple_entry_grid, nicolae_ossuary_entry_plus,
          minivault_5, saegor_snake_ambush, uniq_blork_the_orc, uniq_duvessa

Skill      XL: |  1  2  3 |
---------------+----------+-----
Long Blades    | 2 3 |  3.5
Fighting       | |  3.5
Dodging        | |  2.1
Stealth        | |  4.1

Action                   |  1- 3 |  4- 6 || total
-------------------------+-------+-------++-------
Melee: Falchion          |    27 |    12 ||    39
  Use: Potion            |       |     1 ||     1
 Stab: Sleeping          |     1 |       ||     1
Armor: Leather armour    |     3 |     3 ||     6
Dodge: Dodged            |    18 |     9 ||    27
       Rpst.: Falchion   |     8 |     2 ||    10
